Glitter, chaotic male elven Priest -------- ------ |<|>...---....| |^|-...@`.....| |.||.``d|.....| |.||....|.....| |.|------.----| |.| |......| |.------......| |............%| |..-----......| ---- -------- Glitter the Acolyte Experience level: 5 Strength: 14 Dexterity: 11 Constitution: 16 Intelligence: 12 Wisdom: 20 Charisma: 9 Health: 0(33) Energy: 68(68) Def: 5 Gold: 273 Moves: 2554 Dungeon seed: dUtFso7TIKjhmNWA Game ID: Glitter_1614184276 Your Inventory: Coins $ - 273 gold pieces Weapons a - a blessed very corroded +1 mace (weapon in hand) m - a +0 orcish dagger o - a blessed +2 orcish dagger (in quiver) y - a +1 arrow z - a +0 crossbow I - a +0 dagger Armor e - a +1 robe (being worn) n - a +0 small shield (being worn) q - a +0 orcish helm (being worn) Comestibles d - 2 sprigs of wolfsbane E - a fortune cookie J - a food ration M - 2 carrots O - a tin of homunculus meat Scrolls l - a scroll of blank paper P - a blessed scroll of earth Q - a scroll of earth Spellbooks f - a spellbook of detect food g - a spellbook of light p - a spellbook of extra healing v - a spellbook of jumping Potions b - 4 potions of holy water G - a blessed potion of monster detection R - a potion of object detection Rings x - a ring of polymorph control L - a ring of teleport control (on right hand) Wands K - a wand of create monster (0:15) Tools h - an oil lamp (0:1193) i - a tooled horn H - a tin whistle Gems r - a jasper stone N - a fluorite stone Spells and supernatural/magical abilities: Name Level Category Fail Memory j - jumping 1 escape 0% 99% l - light 1 divination 0% 88% x - extra healing 3 healing 61% 99% E - detect food 2 divination 31% 88% W - pray for help -- divine ? -- X - turn undead -- divine ? -- Your skills at the end: Fighting Skills Weapon Skills mace [Basic] Spellcasting Skills clerical spells [Basic] Final Attributes: You were piously aligned. You were sleep resistant. You saw invisible. You had infravision. You had teleport control. You are dead. Vanquished creatures: a bugbear a wood nymph a gnomish wizard a straw golem a little dog 2 kittens 2 kobold lords a rothe a rabid rat a giant bat a monkey 2 orc zombies a dwarf zombie 4 acid blobs 3 hobbits 2 hobgoblins 3 yellow molds a gnome zombie 2 geckos 6 jackals a fox a kobold 4 goblins a sewer rat 9 grid bugs 3 lichens a kobold zombie 3 newts 60 creatures vanquished. Voluntary challenges: You used a wielded weapon 84 times, starting on turn 6. You read items or engraved 20 times, starting on turn 1654. You never genocided any monsters. You never polymorphed an object. You never changed form. You used no wishes. You never split a pudding. You never wrote Elbereth's name. You never violated your personal moral code. Dungeon overview: The Dungeons of Doom: levels 1 to 7 Level 1 some fountains a long staircase Level 2 (left stair mines) a sink stairs to The Gnomish Mines Level 3 a fountain Level 4 (altar) an altar to Set, some fountains Level 5 Level 6 a general store, a fountain stairs to Sokoban Level 7 some fountains, a throne The Gnomish Mines: Level 3 stairs to The Dungeons of Doom Sokoban: Level 5 <- You were here stairs to The Dungeons of Doom History has recorded: On T:1 you entered the Dungeons of Doom to retrieve the Amulet of Yendor! On T:563 you advanced to experience level 2. On T:601 you reached level 2 of The Dungeons of Doom. On T:731 you advanced to experience level 3. On T:832 you reached level 1 of The Gnomish Mines. On T:866 you reached level 3 of The Dungeons of Doom. On T:1005 you reached level 4 of The Dungeons of Doom. On T:1300 you advanced to experience level 4. On T:1553 you reached level 5 of The Dungeons of Doom. On T:1686 you reached level 6 of The Dungeons of Doom. On T:1963 you reached level 7 of The Dungeons of Doom. On T:1996 you advanced to experience level 5. On T:2186 you reached level 4 of Sokoban. Score breakdown: Gold: 273 ( 8292 points) Experience: 5 levels (11141 points) Exploration: 7 levels ( 14.89%) (10834 points) Discoveries: 9 items ( 3.16%) ( 5331 points) Valuables value: (no points given unless you survive) Artifact value: 0 ( 0 points) Variety of kills: 28 monsters ( 7.35%) ( 8132 points) Turncount: 2554 turns ( -362 points) Survival: died (score multiplied by 80%) Total score: 34694 Latest messages: The boulder fills a pit. You see here a wood nymph corpse. With great effort you move the boulder. You hear a monster behind the boulder. Perhaps that's why you cannot move it. You hear a monster behind the boulder. Perhaps that's why you cannot move it. You hear a monster behind the boulder. Perhaps that's why you cannot move it. You hear a monster behind the boulder. Perhaps that's why you cannot move it. With great effort you move the boulder. The dingo bites! You hit the dingo! The dingo bites! (2x) You hit the dingo. The dingo bites! You hit the dingo! The dingo bites! You miss the dingo. The dingo bites! You die... Final status: Goodbye Glitter the Priest, killed by a dingo... You died in Sokoban on dungeon level 5 with 34694 points, and 273 pieces of gold, after 2554 moves. You were level 5 with a maximum of 33 hit points when you died.